 Dungeon Crawl Stone Soup version 0.28-a0-750-g7c675f85b1 (webtiles) character file.

Game seed: 3276433387943696775

1442 ytrimaz the Chopper (level 8, -7/61 HPs)
             Began as a Demonspawn Gladiator on Oct 29, 2021.
             Was an Initiate of Makhleb.
             Mangled by a skeletal warrior (24 damage)
             ... led by a skeletal warrior
             ... on level 5 of the Dungeon.
             The game lasted 00:11:38 (5817 turns).

ytrimaz the Chopper (Demonspawn Gladiator)          Turns: 5817, Time: 00:11:38

Health: -7/61      AC: 11    Str: 17    XL:     8   Next: 46%
Magic:  8/8        EV: 16    Int: 10    God:    Makhleb [......]
Gold:   1047       SH:  0    Dex: 14    Spells: 7/7 levels left

rFire   + . .      SeeInvis .   a - +0 war axe
rCold   . . .      Faith    +   (no shield)
rNeg    + . .      Spirit   .   h - +2 ring mail of the Slightly Bent {rF+ rN+ Regen+}
rPois   .          Reflect  .   c - +2 helmet
rElec   .          Harm     .   (no cloak)
rCorr   .          Rampage  .   (no gloves)
Will    .....                   r - +0 pair of boots
Stlth   +.........              k - amulet of faith
HPRegen 1.20/turn               (no ring)
MPRegen 0.11/turn               (no ring)

@: no status effects
A: repulsion field 2, ignite blood 1, demonic touch 2
a: Renounce Religion


You were on level 5 of the Dungeon.
You worshipped Makhleb.
Makhleb was noncommittal.
You visited 2 branches of the dungeon, and saw 7 of its levels.

You collected 1047 gold pieces.

Inventory:

Hand Weapons
 a - a +0 war axe (weapon)
Armour
 c - a +2 helmet (worn)
 h - the +2 ring mail of the Slightly Bent (worn) {rF+ rN+ Regen+}
   (You acquired it on level 3 of the Dungeon)

   rF:        It protects you from fire.
   rN:        It protects you from negative energy.
   Regen:     It increases your rate of health regeneration.
 r - a +0 pair of boots (worn)
Jewellery
 k - an amulet of faith (around neck)
 n - a ring of wizardry
 s - a ring of see invisible
Scrolls
 l - 2 scrolls of fear
 o - 2 scrolls of teleportation
 p - a scroll of identify
 u - a scroll of enchant armour
Potions
 e - 3 potions of flight
 f - a potion of cancellation
 g - a potion of lignification {unknown}
 i - a potion of mutation {unknown}
 j - a potion of curing
 m - 2 potions of ambrosia
 t - a potion of heal wounds {unknown}


   Skills:
 + Level 4.6 Fighting
 + Level 7.6 Axes
 - Level 1.7 Throwing
 - Level 1.3 Armour
 * Level 5.5 Dodging


You had 7 spell levels left.
You didn't know any spells.
Your spell library contained the following spells:

 Spells                   Type           Power      Damage    Failure   Level
 Magic Dart               Conj           0%         1d3       56%         1
 Slow                     Hex            0%         N/A       56%         1
 Call Imp                 Summ           0%         N/A       71%         2
 Confusing Touch          Hex            0%         N/A       91%         3
 Mephitic Cloud           Conj/Pois/Air  0%         N/A       91%         3
 Vampiric Draining        Necr           0%         2d6       91%         3


Dungeon Overview and Level Annotations

Branches:
Dungeon (6/15)             Temple (1/1) D:4

Altars:
Ashenzari
Cheibriados
Dithmenos
Gozag
Hepliaklqana
Makhleb
Nemelex Xobeh
Okawaru
Ru
Trog
Uskayaw
Vehumet
Wu Jian
Xom
Yredelemnul
Zin
The Shining One


Innate Abilities, Weirdness & Mutations

You are surrounded by a moderate repulsion field. (EV +3)
Your demonic aura sometimes causes spilled blood to erupt in flames.
Your touch may inflict irresistible damage on your foes.


Message History

You touch the skeletal warrior.
The skeletal warrior is heavily damaged.
The skeletal warrior struggles against the net. x2
You hit the skeletal warrior but do no damage.
You touch the skeletal warrior.
The skeletal warrior is heavily damaged.
The skeletal warrior struggles against the net.
The net rips apart, and the skeletal warrior comes free!
You closely miss the skeletal warrior.
The skeletal warrior is heavily damaged.
The skeletal warrior hits you with a +0 long sword!
You hit the skeletal warrior but do no damage.
Your touch misses the skeletal warrior.
The skeletal warrior is heavily damaged.
The skeletal warrior hits you with a +0 long sword!
You closely miss the skeletal warrior.
You touch the skeletal warrior.
The skeletal warrior is severely damaged.
The skeletal warrior hits you but does no damage.
You barely miss the skeletal warrior.
The skeletal warrior is severely damaged.
The skeletal warrior hits you with a +0 long sword.
You barely miss the skeletal warrior.
The skeletal warrior is severely damaged.
The skeletal warrior closely misses you.
You hit the skeletal warrior.
The skeletal warrior is severely damaged.
The skeletal warrior closely misses you.
The skeletal warrior hits you but does no damage.
You hit the skeletal warrior. Your touch misses the skeletal warrior.
The skeletal warrior is severely damaged.
The skeletal warrior completely misses you.
You hit the skeletal warrior but do no damage.
Your touch misses the skeletal warrior.
The skeletal warrior is severely damaged.
The skeletal warrior hits you with a +0 long sword!
* * * LOW HITPOINT WARNING * * *
You closely miss the skeletal warrior.
You touch the skeletal warrior.
The skeletal warrior is severely damaged.
The skeletal warrior hits you with a +0 long sword!!
You die...

###..........# #.##.#.###........
#...##.......# #.##.#.#..........
............## #.##.#.#.#........
#.?..#.####..# #....#.#.#........
....##.# ##.######.#.#.#........
..####.#####..####....#..........
.....#..........##..#####........
#.##.#..........##..# #........
#........(.....z@...# ##........
#....#..........###.####.........
##......######..###.#.##........(
....###.# #........##....##.#.
###.# #.# ##.###.#.##....##.#.
....# #.#######.###.#.##....##.##
##### #.............#.##....##.#.
##########.##.#.##....##.##
#.##.#.......##.##


You could see a skeletal warrior.

Vanquished Creatures
  Eustachio (D:4)
  Edmund (D:4)
  Pargi (D:4)
  A black bear (D:5)
  2 ogres
  2 scorpions
  A water moccasin skeleton (D:4)
  A howler monkey (D:4)
  A bullfrog zombie (D:5)
  2 hounds (D:5)
  2 orc priests (D:4)
  3 jellies (D:4)
  A bullfrog skeleton (D:5)
  2 iguanas (D:5)
  3 orc wizards (D:4)
  A hound skeleton (D:4)
  5 adders
  3 gnolls (D:5)
  A white imp (D:5)
  An adder zombie (D:5)
  An adder skeleton (D:4)
  A worm (D:3)
  3 dart slugs
  8 orcs
  19 endoplasms
  6 giant cockroaches
  9 goblins
  7 hobgoblins
  3 jackals (D:2)
  5 quokkas
  10 ball pythons
  8 bats
  5 frilled lizards
  16 kobolds
  5 rats
141 creatures vanquished.

Vanquished Creatures (collateral kills)
  A white imp (D:6)
1 creature vanquished.

Vanquished Creatures (others)
  A fungus (D:4)
  18 toadstools
19 creatures vanquished.

Grand Total: 161 creatures vanquished

Notes
Turn   | Place    | Note
-------+----------+-------------------------------------------
     0 | D:1      | ytrimaz the Demonspawn Gladiator began the quest for the
                  | Orb.
     0 | D:1      | Reached XP level 1. HP: 16/16 MP: 1/1
   372 | D:1      | Gained mutation: Your touch may inflict minor irresistible
                  | damage on your foes. [demonic ancestry]
   372 | D:1      | Reached XP level 2. HP: 4/22 MP: 2/2
   833 | D:1      | Reached skill level 3 in Axes
  1253 | D:1      | Reached skill level 1 in Armour
  1253 | D:1      | Gained mutation: You are surrounded by a mild repulsion
                  | field. (EV +2) [demonic ancestry]
  1253 | D:1      | Reached XP level 3. HP: 23/27 MP: 3/3
  1966 | D:2      | Noticed a great orb of eyes
  1967 | D:2      | Found a faded altar of an unknown god.
  1972 | D:2      | Noticed a floating eye
  1972 | D:2      | Noticed a golden eye
  1972 | D:2      | Noticed a great orb of eyes
  1978 | D:2      | Gained mutation: You are surrounded by a moderate repulsion
                  | field. (EV +3) [demonic ancestry]
  1978 | D:2      | Reached XP level 4. HP: 34/34 MP: 4/4
  2380 | D:3      | Identified 2 scrolls of acquirement
  2396 | D:3      | Acquired the +2 ring mail of the Slightly Bent {rF+ rN+
                  | Regen+}
  2410 | D:3      | Acquired 853 gold pieces
  2796 | D:3      | Found a bloodstained altar of Trog.
  2904 | D:3      | You fall into a shaft and drop 2 floors!
  2904 | D:5      | Entered Level 5 of the Dungeon
  2935 | D:5      | Reached skill level 4 in Axes
  2935 | D:5      | Reached XP level 5. HP: 39/39 MP: 5/5
  2946 | D:5      | Noticed a black bear
  2960 | D:5      | Killed a black bear
  2965 | D:5      | Gained mutation: Your touch may inflict irresistible damage
                  | on your foes. [demonic ancestry]
  2965 | D:5      | Reached XP level 6. HP: 44/47 MP: 6/6
  3092 | D:5      | Reached skill level 5 in Axes
  3170 | D:4      | Noticed Eustachio
  3201 | D:4      | Killed Eustachio
  3295 | D:4      | Noticed Edmund
  3314 | D:4      | Killed Edmund
  3315 | D:4      | Reached XP level 7. HP: 25/49 MP: 7/7
  3365 | D:4      | Reached skill level 6 in Axes
  3957 | D:4      | Reached skill level 5 in Dodging
  4238 | D:4      | Noticed Pargi
  4251 | D:4      | Killed Pargi
  4252 | D:4      | Gained mutation: Your demonic aura sometimes causes spilled
                  | blood to erupt in flames. [demonic ancestry]
  4252 | D:4      | Reached XP level 8. HP: 52/60 MP: 8/8
  4285 | D:4      | Reached skill level 7 in Axes
  4287 | D:4      | Found a staircase to the Ecumenical Temple.
  4512 | Temple   | Entered the Ecumenical Temple
  5470 | Temple   | Became a worshipper of Makhleb the Destroyer
  5667 | D:6      | Noticed a skeletal warrior
  5669 | D:6      | Noticed a skeletal warrior
  5681 | D:6      | Noticed a skeletal warrior
  5681 | D:6      | Noticed a skeletal warrior
  5817 | D:5      | Mangled by a skeletal warrior

Illustrated notes

Levels and vault maps discovered:
D:1:      ldierk_walled_garden, layout_basic, minmay_bisected
D:2:      layout_loops_ring, hellmonk_ecumenical_altar_watching_god,
          minivault_14, minmay_box_of_dots
D:3:      layout_loops_ring, mainiacjoe_overflow_24_doors
D:4:      cheibrodos_fertilizer, layout_basic, minmay_temple_entry_proselytizer,
          grunt_ministairs_2, lemuel_another_geyser, uniq_eustachio, uniq_pargi,
          uniq_edmund
D:5:      layout_basic
D:6:      layout_rooms, nzn_random_ring, uniq_prince_ribbit1
Temple:   eino_temple_scatter_basement

Skill      XL: |  1  2  3  4  5  6  7  8 |
---------------+-------------------------+-----
Axes           | 3 4 5 6 7 |  7.6
Dodging        | 3 4 5 |  5.5
Armour         | 1 |  1.3
Fighting       | 3 4 |  4.6
Throwing       | |  1.7

Action                   |  1- 3 |  4- 6 |  7- 9 || total
-------------------------+-------+-------+-------++-------
Melee: War axe           |    82 |   147 |   174 ||   403
       Touch             |     9 |    30 |    37 ||    76
Throw: Throwing net      |       |       |     3 ||     3
  Use: Scroll            |       |     9 |     7 ||    16
       Potion            |       |       |     1 ||     1
 Stab: Sleeping          |     2 |       |       ||     2
       Held in net/web   |       |       |     1 ||     1
Armor: Leather armour    |    34 |     4 |       ||    38
       Ring mail         |       |    41 |    61 ||   102
Dodge: Dodged            |    86 |   164 |   152 ||   402

Table legend: (Time is in decaauts)
 A = Elapsed time spent in this place.
 B = Non-inter-level travel time spent in this place.
 C = Inter-level travel time spent in this place.
 D = Time resting spent in this place.
 E = Time spent auto-exploring this place.
 F = Levels seen in this place.
 G = Mean time per level.
                   A        B        C        D        E       F      G
               +--------+--------+--------+--------+--------+-----+--------+
         Total |   5922 |   5523 |    399 |    495 |   3640 |   7 |  846.0 |
       Dungeon |   5628 |   5261 |    367 |    495 |   3497 |   6 |  938.0 |
        Temple |    294 |    262 |     32 |      0 |    143 |   1 |  294.0 |
               +--------+--------+--------+--------+--------+-----+--------+

Top non-repeatable levels by time:
     D:1: 1435 daAuts
     D:4: 1336 daAuts
     D:5: 1114 daAuts
     D:2: 810 daAuts
     D:3: 802 daAuts
  Temple: 294 daAuts
     D:6: 129 daAuts
